 Dungeon Crawl Stone Soup version 0.30.0-29-ga12c61a403 (webtiles) character file.

Game seed: 7084857782473412342

608 monsoonserge the Trooper (level 7, -13/61 HPs)
             Began as a Minotaur Fighter on June 9, 2023.
             Was an Initiate of Wu Jian.
             Mangled by an ogre
             ... wielding a +0 giant club
              (27 damage)
             ... on level 5 of the Dungeon.
             The game lasted 00:10:11 (3688 turns).

monsoonserge the Trooper (Minotaur Fighter)         Turns: 3688, Time: 00:10:11

Health: -13/61     AC:  1    Str: 25    XL:     7   Next: 19%
Magic:  6/6        EV: 11    Int:  5    God:    Wu Jian [......]
Gold:   192        SH:  4    Dex:  9    Spells: 6/6 levels left

rFire   + . .        l - +1 flail (holy)
rCold   + . .        c - +0 buckler
rNeg    + . .        p - +0 leather armour of the Pink Corner {rC- Will+ Str+2}
rPois   +            o - -2 hat of the Alchemist {rElec rPois rF+ rC+ rN+ Will+ rMut rCorr}
rElec   +            (no cloak)
rCorr   +            (no gloves)
SInv    .            (no boots)
Will    ++...        (no amulet)
Stlth   +            j - ring of protection from cold
HPRegen 0.30/turn    t - +4 ring of slaying
MPRegen 0.10/turn

%: resist mutation
@: no status effects
A: horns 2, retaliatory headbutt
a: Renounce Religion


You were on level 5 of the Dungeon.
You worshipped Wu Jian.
Wu Jian was noncommittal.
You visited 1 branch of the dungeon, and saw 5 of its levels.

You collected 192 gold pieces.

Inventory:

Hand Weapons
 l - a +1 flail of holy wrath (weapon)
Missiles
 s - a boomerang (quivered)
 z - 4 poisoned darts
Armour
 b - a +0 scale mail
 c - a +0 buckler (worn)
 o - the -2 hat of the Alchemist (worn) {rElec rPois rF+ rC+ rN+ Will+ rMut rCorr}
   (You found it on level 2 of the Dungeon)

   rF:        It protects you from fire.
   rC:        It protects you from cold.
   rElec:     It insulates you from electricity.
   rPois:     It protects you from poison.
   rN:        It protects you from negative energy.
   rCorr:     It protects you from acid and corrosion.
   rMut:      It protects you from mutation.
   Will:      It increases your willpower.
 p - the +0 leather armour of the Pink Corner (worn) {rC- Will+ Str+2}
   (You found it on level 3 of the Dungeon)

   Str:       It affects your strength (+2).
   rC:        It makes you vulnerable to cold.
   Will:      It increases your willpower.
Magical Staves
 A - a staff of fire
Jewellery
 j - a ring of protection from cold (left hand)
 t - a +4 ring of slaying (right hand)
Wands
 q - a wand of flame (12)
 r - a wand of iceblast (5)
Scrolls
 f - 6 scrolls of identify {unknown}
 g - 5 scrolls of amnesia {unknown}
 h - 2 scrolls of teleportation {unknown}
 n - a scroll of enchant armour {unknown}
 v - a scroll of noise {unknown}
 w - a scroll of immolation {unknown}
 y - a scroll of summoning {unknown}
Potions
 d - a potion of might
 e - a potion of brilliance {unknown}
 k - a potion of berserk rage {unknown}
 m - a potion of ambrosia {unknown}
 u - a potion of degeneration {unknown}
 x - a potion of curing {unknown}


   Skills:
 + Level 5.6 Fighting
 + Level 4.4(5.8) Axes
 + Level 5.2(6.0) Maces & Flails
 + Level 1.9(3.4) Polearms
 - Level 4.0 Armour
 + Level 2.7 Dodging
 + Level 0.5 Stealth
 - Level 4.0 Shields


You had 6 spell levels left.
You didn't know any spells.
Your spell library contained the following spells:

 Spells                   Type           Power      Damage    Failure   Level
 Magic Dart               Conj           0%         1d3       58%         1
 Slow                     Hex            0%         N/A       58%         1
 Call Imp                 Summ           0%         N/A       73%         2
 Confusing Touch          Hex            0%         N/A       91%         3
 Mephitic Cloud           Conj/Pois/Air  0%         N/A       91%         3
 Vampiric Draining        Necr           0%         2d6       91%         3


Dungeon Overview and Level Annotations

Branches:
Dungeon (5/15)
 Temple: D:4-7

Altars:
Fedhas
Wu Jian


Innate Abilities, Weirdness & Mutations

You have a pair of horns on your head.
You reflexively headbutt those who attack you in melee.


Message History

There is an escape hatch in the floor here.
You open the door.
There is an open door here.
You open the door.
An iguana comes into view.
The iguana moves out of view.
There is an open door here.
You hit the iguana. You headbutt the iguana!
The iguana is severely wounded.
You block the iguana's attack.
You barely miss the iguana.
The iguana is severely wounded.
The iguana misses you.
You closely miss the iguana.
The iguana is severely wounded.
You block the iguana's attack.
You hit the iguana. You headbutt the iguana.
You kill the iguana!
The Council accepts your kill.
You open the door.
An ogre comes into view. It is wielding a +0 giant club.
The ogre shouts!
Found a potion of haste.
There is an open door here.
You lunge at the ogre.
You hit the ogre.
The ogre is lightly wounded.
The ogre barely misses you. You furiously retaliate!
You headbutt the ogre! You hit the ogre.
The ogre is heavily wounded.
The ogre hits you with a +0 giant club!!
You completely miss the ogre.
The ogre is heavily wounded.
You hit the ogre.
The ogre is severely wounded.
The ogre hits you with a +0 giant club!!
* * * LOW HITPOINT WARNING * * *
You hit the ogre.
The ogre is almost dead.
The ogre hits you with a +0 giant club!!
You die...

#)# #.# #.####.### #.# #.#
#.##.....# ##.####.#
#.##.....###
#.......####.##.......#
#..####.##.†........#.###.#
#..# #...####............#
#..# ######..###...#.######
#..###..##....###.##.#
#....'@O..# ####.#
#....##.!## #[# ####..##
+#+ #.# ####..#'## #.#
#.'....## #.# #.#....# #.#
#.##..## #.# #..##+# #.#
##.# #>#


You could see an ogre.

Vanquished Creatures
  A black bear (D:5)
  A bullfrog (D:4)
  A hound (D:5)
  An orc priest (D:5)
  Natasha (thrice) (D:3)
  Ijyb (D:3)
  2 iguanas
  2 orc wizards (D:5)
  4 adders (D:2)
  4 gnolls
  An ufetubus (D:4)
  A dart slug (D:3)
  13 orcs
  7 endoplasms
  4 giant cockroaches
  7 goblins
  5 hobgoblins
  8 jackals (D:3)
  4 quokkas
  8 ball pythons
  11 bats
  7 frilled lizards
  10 kobolds
  4 rats
110 creatures vanquished.

Notes
Turn   | Place    | Note
-------+----------+-------------------------------------------
     0 | D:1      | monsoonserge the Minotaur Fighter began the quest for the
                  | Orb.
     0 | D:1      | Reached XP level 1. HP: 19/19 MP: 0/0
   121 | D:1      | Reached XP level 2. HP: 27/27 MP: 1/1
   382 | D:1      | Reached skill level 1 in Polearms
   691 | D:1      | Reached XP level 3. HP: 31/33 MP: 2/2
   960 | D:2      | Reached XP level 4. HP: 41/41 MP: 3/3
  1297 | D:2      | Reached skill level 1 in Maces & Flails
  1534 | D:2      | Found the -2 hat of the Alchemist {rElec rPois rF+ rC+ rN+
                  | Will+ rMut rCorr}
  1677 | D:3      | Identified the +0 leather armour of the Pink Corner {rC-
                  | Will+ Str+2}
  1709 | D:3      | Noticed Ijyb
  1720 | D:3      | Killed Ijyb
  1721 | D:3      | Reached XP level 5. HP: 31/47 MP: 4/4
  1859 | D:3      | Reached skill level 1 in Dodging
  1951 | D:3      | Noticed Natasha
  1954 | D:3      | Killed Natasha
  2201 | D:3      | Noticed Natasha
  2203 | D:3      | Killed Natasha
  2246 | D:3      | Noticed Natasha
  2251 | D:3      | Killed Natasha
  2252 | D:3      | Reached XP level 6. HP: 40/55 MP: 5/5
  2483 | D:4      | Reached skill level 5 in Fighting
  2564 | D:4      | Found an ornate altar of the Wu Jian Council.
  2573 | D:4      | Became a worshipper of the Wu Jian Council
  2981 | D:4      | Found a blossoming altar of Fedhas.
  3324 | D:5      | Entered Level 5 of the Dungeon
  3390 | D:5      | Reached skill level 5 in Maces & Flails
  3390 | D:5      | Reached XP level 7. HP: 8/61 MP: 6/6
  3688 | D:5      | Mangled by an ogre

Illustrated notes

Levels and vault maps discovered:
D:1:      dpeg_arrival_renting, layout_basic, grunt_decor_resistance
D:2:      layout_loops_cross, nrook_mini_vaults, minmay_misc_feat_diagonals
D:3:      layout_loops_cross, uniq_natasha, uniq_ijyb
D:4:      layout_basic, nicolae_overflow_crystal_walls, fedhas_altar_fruit_tree,
          hex_medium
D:5:      minmay_bubble_buster, layout_loops_ring, makhleb_grotto_becter,
          biasface_ghost_orc_armoury

Skill      XL: |  1  2  3  4  5  6 |
---------------+-------------------+-----
Polearms       | 1 |  1.9
Armour         | 4 |  4.0
Axes           | 3 4 |  4.4
Fighting       | 4 5 |  5.6
Shields        | 4 |  4.0
Maces & Flails | 1 3 5 |  5.2
Dodging        | 1 2 |  2.7
Stealth        | |  0.5

Action                     |  1- 3 |  4- 6 |  7- 9 || total
---------------------------+-------+-------+-------++-------
  Melee: War axe           |    66 |       |       ||    66
         Headbutt          |    12 |    17 |     2 ||    31
         Flail             |     5 |   135 |     9 ||   149
Ability: Lunge             |       |     2 |     1 ||     3
    Use: Potion            |       |     2 |       ||     2
 Armour: Scale mail        |    30 |    14 |       ||    44
         Leather armour    |       |     4 |       ||     4
  Dodge: Dodged            |    20 |    84 |     2 ||   106
  Block: Buckler           |     9 |    28 |     2 ||    39
